 Dungeon Crawl Stone Soup version 0.27-a0-808-g60bc5d92e6 (webtiles) character file.

Game seed: 1793861299238034579

4 sleeves the Sneak (level 1, -8/19 HPs)
             Began as a Draconian Delver on Mar 28, 2021.
             Mangled by a lemure (10 damage)
             ... led by Pikel
             ... on level 4 of the Dungeon.
             The game lasted 00:00:44 (113 turns).

sleeves the Sneak (Draconian Delver)                 Turns: 113, Time: 00:00:44

Health: -8/19      AC:  7    Str: 14    XL:     1   Next: 50%
Magic:  1/1        EV: 12    Int: 10    God:
Gold:   0          SH:  0    Dex: 12    Spells: 0/0 levels left

rFire    . . .     SeeInvis .   a - +0 mace
rCold    . . .     Faith    .   (no shield)
rNeg     . . .     Spirit   .   (armour unavailable)
rPois    .         Reflect  .   (helmet restricted)
rElec    .         Harm     .   h - +2 cloak {rCorr}
rCorr    +         Rampage  .   (no gloves)
Will     .....                  (no boots)
Stlth    +++.......             (no amulet)
HPRegen  0.06/turn              (no ring)
MPRegen  0.07/turn              (no ring)

@: hasted, very quick
A: AC +4, unfitting armour, cold-blooded
a: no special abilities


You were on level 4 of the Dungeon.
You visited 1 branch of the dungeon, and saw 2 of its levels.

Inventory:

Hand Weapons
 a - a +0 mace (weapon)
Armour
 h - a +2 cloak of preservation (worn)
   (You found it on level 4 of the Dungeon)
Wands
 f - a wand of digging (3)
Scrolls
 b - 2 scrolls of fog
 c - a scroll of magic mapping
 i - a scroll of torment {unknown}
Potions
 g - 2 potions of curing {unknown}


   Skills:
 - Level 3.2 Fighting
 + Level 2.4 Maces & Flails
 - Level 1.7 Dodging
 - Level 4.5 Stealth


You couldn't memorise any spells.
You didn't know any spells.
Your spell library was empty.

Dungeon Overview and Level Annotations

Branches:
Dungeon (5/15)
 Temple: D:4-7

Altars:

Annotations:
D:5 Pikel


Innate Abilities, Weirdness & Mutations

Your plain brown scales are hard. (AC +4)
You cannot fit into any form of body armour.
You are cold-blooded and may be slowed by cold attacks.


Message History

Welcome, sleeves the Draconian Delver.
Will you prevail where others failed? Will you find the Orb of Zot?
Press ? for a list of commands and other information.
Found an escape hatch in the ceiling.
Found a stone staircase leading down.
There is an escape hatch in the ceiling here.
A mysterious force pulls you upwards. The hatch slams shut behind you.
A kobold comes into view. It is wielding a +0 short sword.
The kobold shouts!
Found 16 stones, 2 white potions, a scroll of fog and a glowing cloak.
Found a stone staircase leading down.
You completely miss the kobold.
Your tail-slap misses the kobold.
The kobold closely misses you.
You hit the kobold.
You kill the kobold!
You see here a +0 short sword.
An endoplasm comes into view.
Found a scroll labelled NIED VEUZI AWK.
A quokka comes into view.
The endoplasm quivers.
There is a stone staircase leading down here.
You hit the endoplasm.
Your tail-slap misses the endoplasm.
The endoplasm is heavily wounded.
The endoplasm freezes you.
You are frozen.
You feel yourself slow down.
You completely miss the endoplasm.
The endoplasm is heavily wounded.
The endoplasm barely misses you.
The endoplasm hits you but does no damage.
You hit the endoplasm.
The endoplasm is heavily wounded.
You feel yourself speed up.
The endoplasm hits you but does no damage.
The endoplasm misses you.
You hit the endoplasm.
The endoplasm is severely wounded.
The endoplasm freezes you.
You are frozen.
You hit the endoplasm.
You kill the endoplasm!
You start resting.
HP restored.
g - 2 white potions
h - a +2 cloak of preservation You start putting on your armour.
You continue putting on your +2 cloak of preservation. x4
You finish putting on your +2 cloak of preservation.
There is a stone staircase leading down here.
You hit the quokka but do no damage. You tail-slap the quokka.
The quokka is moderately wounded.
The quokka bites you but does no damage.
You closely miss the quokka.
The quokka is moderately wounded.
The quokka bites you but does no damage.
The quokka completely misses you.
You hit the quokka but do no damage.
The quokka is moderately wounded.
The quokka barely misses you.
You closely miss the quokka.
The quokka is moderately wounded.
The quokka barely misses you. x2
You sock the quokka!
You kill the quokka!
You see here a quokka corpse.
b - 2 scrolls of fog (gained 1)
You see here a quokka corpse.
i - a scroll labelled NIED VEUZI AWK You see here a quokka corpse.
There is a stone staircase leading down here.
You climb downwards. 4 lemures and Pikel come into view.
Pikel is wielding a +0 whip of electrocution.
The lemure shouts! x4
The lemure hits you. x2
Found a scroll labelled MAANNI UGGAHUWK and a leather armour.
Found a stone staircase leading down.
There is a stone staircase leading up here.
The lemure hits you.
* * * LOW HITPOINT WARNING * * *
The lemure hits you.
* * * LOW HITPOINT WARNING * * *
The lemure closely misses you.
You climb upwards.
There is a stone staircase leading down here.
Found 7 gold pieces.
A hobgoblin comes into view.
Found 20 stones.
As you read the scroll of fear, it crumbles to dust.
You assume a fearsome visage.
The lemure is unaffected. x3
The hobgoblin looks frightened!
The lemure hits you.
* * * LOW HITPOINT WARNING * * *
The lemure hits you but does no damage. x2
Okay, then.
A kobold comes into view. It is wielding a +0 dagger.
The kobold shouts!
A hound comes into view.
You feel yourself speed up. The lemure hits you!
Ouch! That really hurt!
You die...

#......#
#......####
#.....>...#
#......†..#
#.........#
#.........#
#............
#..55........#
#..@5###.....#
#.....########
#.....#
#.....#
#$....+
#...(.#
#....K.
...h..##


You could see 3 lemures, a hound (wandering) and a kobold.

Vanquished Creatures
  An endoplasm (D:4)
  A kobold (D:4)
  A quokka (D:4)
3 creatures vanquished.

Notes
Turn   | Place    | Note
-------+----------+-------------------------------------------
     0 | D:5      | sleeves the Draconian Delver began the quest for the Orb.
     0 | D:5      | Reached XP level 1. HP: 19/19 MP: 1/1
   103 | D:5      | Noticed Pikel
   103 | D:5      | Noticed a lemure
   103 | D:5      | Noticed a lemure
   103 | D:5      | Noticed a lemure
   103 | D:5      | Noticed a lemure
   104 | D:5      | HP: 6/19 [lemure[Pikel] (6)]
   104 | D:5      | HP: 2/19 [lemure[Pikel] (4)]
   110 | D:4      | HP: 1/19 [lemure[Pikel] (1)]
   112 | D:4      | Noticed a hound
   113 | D:4      | Mangled by a lemure

Illustrated notes

Levels and vault maps discovered:
D:4:      layout_basic, lemuel_crystal_altar, minmay_temple_entry_proselytizer,
          uniq_menkaure
D:5:      layout_loops_ring, okawaru_metal_pillars_1_2, marbit_many_paths,
          sigmund_army, uniq_pikel

Action                   || total
-------------------------++-------
Melee: Mace              ||    12
       Tailslap          ||     1
  Use: Scroll            ||     1
       Potion            ||     1
Armor: Skin              ||     6
Dodge: Dodged            ||     8

Table legend: (Time is in decaauts)
 A = Elapsed time spent in this place.
 B = Non-inter-level travel time spent in this place.
 C = Inter-level travel time spent in this place.
 D = Time resting spent in this place.
 E = Time spent auto-exploring this place.
 F = Levels seen in this place.
 G = Mean time per level.
                   A        B        C        D        E       F      G
               +--------+--------+--------+--------+--------+-----+--------+
         Total |    118 |    118 |      0 |     41 |      0 |   2 |   59.0 |
       Dungeon |    118 |    118 |      0 |     41 |      0 |   2 |   59.0 |
               +--------+--------+--------+--------+--------+-----+--------+

Top non-repeatable levels by time:
     D:4: 113 daAuts
     D:5: 5 daAuts
